Map: Dasan Station LE

Players

Billberty

  • Race: Zerg Zerg
  • League: Platinum

Nickos - Winner!

  • Race: Terran Terran
  • League: Gold

VOD

Have the link to the VOD?

Description

Time

  • Played on: Oct. 2, 2016, 6:27 a.m.
  • Length: 8:31
Show
View Real Time Build Order
Export as new Build Order

Billberty Zerg 

Build Orders: Hatch First 

Get SALT Encoding   

  12  0:01  Drone  
  13  0:13  Overlord  
  13  0:18  Drone  
  14  0:31  Drone  
  14  0:32  Drone  
  16  0:36  Drone  
  17  0:46  Drone  
  18  0:57  Hatchery  
  18  0:58  Drone  
  18  1:08  Drone  
  19  1:16  Spawning Pool  
  18  1:19  Drone  
  19  1:29  Drone  
  20  1:40  Drone  
  21  1:47  Extractor  
  21  1:51  Drone  
  21  2:01  Overlord  
  21  2:08  Queen  
  21  2:11  Queen  
  25  2:16  Overlord x2  
  25  2:21  Zergling x2  
  26  2:23  Zergling x2  
  27  2:31  Zergling x2  
  27  2:34  Zergling x2  
  29  2:42  Zergling x2  
  29  2:44  Queen, Zergling x2  
  30  2:46  Queen  
  35  2:52  Drone  
  35  2:55  Metabolic Boost  
  35  2:57  Zergling x2  
  37  3:03  Zergling x2  
  38  3:06  Drone  
  39  3:14  Drone  
  39  3:18  Drone x2  
  39  3:19  Drone  
  43  3:20  Drone  
  43  3:21  Drone x2  
  43  3:22  Drone  
  47  3:30  Drone x2  
  49  3:45  Hatchery  
  49  3:46  Extractor  
  48  3:48  Drone  
  48  3:50  Extractor  
  48  3:51  Drone x2  
  49  4:00  Drone x3  
  52  4:02  Overlord  
  52  4:15  Overlord x2  
  52  4:21  Evolution Chamber  
  52  4:24  Evolution Chamber  
  50  4:28  Drone x3  
  50  4:29  Drone  
  54  4:32  Drone  
  55  4:41  Lair  
  55  4:47  Zerg Missile Weapons Level 1  
  55  4:50  Zerg Ground Armor Level 1  
  55  4:54  Spore Crawler  
  55  4:57  Spore Crawler  
  55  4:59  Drone  
  54  5:03  Drone x2  
  54  5:08  Drone x2  
  54  5:10  Drone  
  54  5:13  Drone x2  
  59  5:15  Drone  
  59  5:21  Drone x2  
  62  5:26  Drone x2  
  62  5:27  Drone  
  65  5:32  Queen  
  65  5:34  Drone  
  68  5:36  Drone  
  68  5:38  Drone  
  70  5:48  Zergling x2  
  70  5:49  Zergling x8  
  73  5:56  Drone x6  
  56  6:06  Drone  
  56  6:07  Drone x3  
  56  6:09  Drone x2  
  62  6:12  Drone  
  62  6:13  Drone  
  62  6:18  Drone  
  65  6:19  Queen  
  65  6:25  Drone x2  
  69  6:37  Hydralisk Den  
  69  6:38  Drone  
  69  6:39  Drone x2  
  71  6:42  Infestation Pit, Drone x2  
  71  6:43  Drone x3  
  76  6:54  Drone x3, Extractor  
  76  7:08  Drone x4  
  76  7:27  Roach Warren  
  75  7:31  Extractor  
  75  7:36  Extractor  
  73  7:38  Extractor  
  73  7:39  Overlord x5  
  73  7:40  Overlord  
  70  7:47  Hydralisk  
  70  7:48  Hydralisk x3  
  71  7:52  Hydralisk  
  71  7:57  Overlord  
  71  7:58  Overlord, Hydralisk x2  
  63  7:59  Hydralisk x3  
  68  8:07  Roach x2  
Show
View Real Time Build Order
Export as new Build Order

Nickos Terran - Winner!

Build Orders: MMM Bio 

Get SALT Encoding   

  12  0:00  SCV  
  13  0:13  SCV  
  14  0:17  Supply Depot  
  14  0:25  SCV  
  15  0:39  SCV  
  15  0:41  Barracks  
  16  0:51  SCV  
  17  1:03  SCV  
  18  1:15  SCV  
  19  1:18  Command Center  
  19  1:27  Marine  
  19  1:30  Orbital Command  
  20  1:37  Supply Depot  
  20  1:45  Marine  
  21  1:52  Barracks  
  21  1:56  SCV  
  22  2:07  Barracks  
  22  2:09  SCV  
  23  2:16  Marine  
  23  2:21  SCV  
  25  2:25  Refinery  
  25  2:27  Refinery  
  25  2:33  Orbital Command  
  25  2:34  SCV  
  25  2:35  Marine  
  27  2:41  Marine  
  28  2:46  SCV  
  29  2:55  Barracks Tech Lab  
  29  2:58  SCV, Marine  
  30  3:01  SCV  
  32  3:10  SCV, Marine  
  34  3:13  SCV  
  34  3:14  Stimpack  
  34  3:15  Marine  
  34  3:16  Marine  
  38  3:27  SCV x2  
  38  3:28  Marine  
  38  3:32  Factory  
  38  3:33  Marine  
  41  3:36  Marine  
  41  3:39  SCV  
  41  3:40  SCV  
  44  3:49  Supply Depot  
  44  3:51  SCV  
  44  3:52  Supply Depot  
  44  3:53  SCV  
  46  4:07  Engineering Bay x2  
  46  4:10  SCV x2, Marine x3  
  46  4:12  Supply Depot  
  46  4:13  Supply Depot  
  51  4:20  Factory Reactor, Starport  
  51  4:22  SCV  
  52  4:28  Marine x2  
  54  4:35  Marine  
  54  4:38  SCV x2  
  57  4:40  Terran Infantry Weapons Level 1, Terran Infantry Armor Level 1  
  57  4:43  Supply Depot  
  57  4:45  Supply Depot  
  57  4:46  Marine x2  
  57  4:50  SCV x2  
  60  4:53  Marine  
  61  5:02  SCV x2  
  61  5:03  Marine x2  
  65  5:11  Marine  
  65  5:13  Medivac  
  68  5:15  Combat Shields  
  68  5:16  Refinery  
  68  5:21  Marine  
  68  5:27  Marine  
  70  5:29  Marine  
  70  5:34  Supply Depot  
  70  5:35  Supply Depot  
  71  5:37  Supply Depot  
  71  5:39  SCV x2  
  71  5:42  Supply Depot  
  74  5:46  Barracks Reactor  
  74  5:47  Marine  
  74  5:50  Barracks Reactor  
  66  5:59  Medivac x2, Supply Depot  
  59  6:05  Marine  
  60  6:15  SCV x2  
  62  6:23  Marine  
  62  6:24  Supply Depot  
  63  6:25  Armory  
  63  6:26  Supply Depot, Marine x4  
  63  6:27  SCV x2  
  63  6:31  Medivac  
  71  6:34  Command Center  
  71  6:40  Marine  
  71  6:44  Marine  
  73  6:48  Marine x3  
  73  6:49  Medivac  
  73  6:53  Barracks  
  78  6:56  Barracks  
  78  6:58  Marine  
  78  6:59  Barracks  
  78  7:07  Marine x2  
  78  7:08  Marine x2  
  73  7:16  Marine  
  73  7:17  SCV  
  73  7:18  SCV  
  76  7:25  Marine x3  
  79  7:53  Marine  
  79  7:54  Marine x2  
  79  7:55  Barracks Reactor x2  
  79  7:56  Marine x2  
  79  7:57  Medivac, Marine  
  79  7:58  Medivac  
  89  8:06  Orbital Command  
  89  8:08  SCV x2  
  89  8:11  Marine x2  
  89  8:12  Marine  
Tags
 
Composition
MMM Bio
Matchup
TvZ
Replay Pack
Nickos replay
Add a new tag
Caveats
  • Supply blocks, unpowered buildings, or Contaminate may cause inaccurate times.
  • Supply counts are checked every 10 seconds.